 Dungeon Crawl Stone Soup version 0.19.5 (webtiles) character file.

69 devil0150 the Magician (level 4, -1/27 HPs)
             Began as a High Elf Wizard on Apr 11, 2017.
             Killed from afar by Natasha (7 damage)
             ... with a magic dart
             ... on level 2 of the Dungeon.
             The game lasted 00:06:02 (1993 turns).

devil0150 the Magician (High Elf Wizard)            Turns: 1993, Time: 00:06:02

Health: -1/27      AC:  2    Str:  6    XL:     4   Next: 2%
Magic:  1/12       EV: 13    Int: 23    God:
Gold:   53         SH:  0    Dex: 13    Spells: 4 memorised, 5 levels left

rFire  . . .     SeeInvis .     i - -2 dagger (curse)
rCold  . . .     Gourm    .     a - +0 robe
rNeg   . . .     Faith    .     (no shield)
rPois  .         Spirit   .     b - +0 hat
rElec  .         Reflect  .     (no cloak)
rCorr  .         Harm     .     (no gloves)
MR     .....                    (no boots)
Stlth  ++........               (no amulet)
                                (no ring)
                                (no ring)

@: very slightly contaminated
A: no striking features
a: no special abilities


You were on level 2 of the Dungeon.
You were not hungry.

You visited 1 branch of the dungeon, and saw 2 of its levels.

You collected 53 gold pieces.

Inventory:

Hand Weapons
 g - a +0 mace
 h - a +0 dagger
 i - a cursed -2 dagger (weapon)
Armour
 a - a +0 robe (worn)
 b - a +0 hat (worn)
Scrolls
 e - a scroll of teleportation
Books
 c - a book of Minor Magic

   Spells                             Type                      Level
   a - Magic Dart                     Conjuration                  1
   b - Blink                          Translocation                2
   c - Call Imp                       Summoning                    2
   d - Repel Missiles                 Charms/Air                   2
   e - Slow                           Hexes                        2
   f - Conjure Flame                  Conjuration/Fire             3
   g - Mephitic Cloud                 Conjuration/Poison/Air       3
Comestibles
 d - 2 bread rations
 f - 2 slices of pizza
 j - a royal jelly
 k - a chunk of flesh


   Skills:
 + Level 0.5 Short Blades
 + Level 0.1 Maces & Flails
 + Level 2.4 Dodging
 + Level 2.4 Stealth
 + Level 5.0 Spellcasting
 + Level 1.8 Conjurations
 + Level 0.8 Summonings
 + Level 1.1 Translocations


You had 5 spell levels left.
You knew the following spells:

 Your Spells              Type           Power        Failure   Level  Hunger
a - Magic Dart            Conj           ##..         4%          1    None
b - Call Imp              Summ           #.......     12%         2    None
c - Mephitic Cloud        Conj/Pois/Air  #.......     24%         3    ##.....
d - Blink                 Tloc           N/A          12%         2    None


Dungeon Overview and Level Annotations

Branches:
Dungeon (2/15)

Altars:

Annotations:
D:2 Natasha


Message History

Natasha is severely wounded.
Natasha completely misses you.
Casting: Magic Dart
Confirm with . or Enter, or press ? or * to list all spells.
Aiming: Magic Dart
Press: ? - help, Shift-Dir - straight line, f/p - Natasha
Aim: Natasha (severely wounded)
The magic dart hits Natasha.
Natasha is almost dead.
Natasha barely misses you.
Casting: Magic Dart
Confirm with . or Enter, or press ? or * to list all spells.
Aiming: Magic Dart
Press: ? - help, Shift-Dir - straight line, f/p - Natasha
Aim: Natasha (almost dead)
The magic dart hits Natasha.
Natasha is almost dead.
Natasha stares at you and mumbles some strange words.
The magic dart hits you!
You die...

.........#####.....####..#
.......#.# #...........#
### #.....#####... #.....#
#.....# #######.### ##..
#.......####.>?#.
#.#####.(........ #
####@##.......
#.##....h5..%....
#.....#%#........
#..#.##>##......#
#........h.....#.
##.#.##.##.###..# #..# #.#
## .## #. #...# #.....#


You could see Natasha and a shadow imp.

Vanquished Creatures
  Natasha (D:2)
  2 dart slugs
  A leopard gecko (D:1)
  8 bats
  A giant cockroach (D:1)
  4 goblins
  5 hobgoblins
  2 jackals (D:1)
  5 kobolds
  2 frilled lizards
  3 rats (D:1)
34 creatures vanquished.

Notes
Turn   | Place    | Note
-------+----------+-------------------------------------------
     0 | D:1      | devil0150 the High Elf Wizard began the quest for the Orb.
     0 | D:1      | Reached XP level 1. HP: 11/11 MP: 6/6
   217 | D:1      | You fall through a shaft!
   226 | D:2      | Reached skill level 4 in Spellcasting
   226 | D:2      | Reached XP level 2. HP: 17/17 MP: 0/8
  1047 | D:1      | Reached XP level 3. HP: 21/21 MP: 8/10
  1267 | D:2      | Noticed Natasha
  1497 | D:1      | Learned a level 2 spell: Call Imp
  1501 | D:1      | Learned a level 3 spell: Mephitic Cloud
  1504 | D:1      | Learned a level 2 spell: Blink
  1643 | D:2      | Killed Natasha
  1643 | D:2      | Reached skill level 5 in Spellcasting
  1907 | D:2      | Reached XP level 4. HP: 26/27 MP: 6/12
  1978 | D:2      | Noticed Natasha
  1993 | D:2      | Killed from afar by Natasha

Skill      XL: |  1  2  3 |
---------------+----------+-----
Spellcasting   | 4 5 |  5.0
Short Blades   | |  0.5
Maces & Flails | |  0.1
Dodging        | |  2.4
Stealth        | |  2.4
Conjurations   | |  1.8
Summonings     | |  0.8
Translocations | |  1.1

Action                   |  1- 3 |  4- 6 || total
-------------------------+-------+-------++-------
Melee: Mace              |     3 |       ||     3
       Dagger            |    18 |       ||    18
 Cast: Magic Dart        |    89 |    14 ||   103
  Use: Scroll            |     4 |       ||     4
       Potion            |     2 |       ||     2
  Eat: Chunk             |     3 |       ||     3
Armor: Robe              |    23 |       ||    23
Dodge: Dodged            |    39 |     4 ||    43
